AoeStats
← [La14]Uvita

Scandinavia

510396972Analyzed
1v1 RM · 2d ago on Sep 30, 2026· 38m 27s· 2 players
Game mode
Random Map
Map size
Tiny (2 player)
Population
200
Speed
Normal
Resources
Standard
Victory
Conquest
Starting age
Dark Age
Ending age
Imperial Age
RankedLock teamsTeams togetherTeam positionsShared explorationLock speedFull tech treeHidden civsTurbo modeCheats
Victory
Defeat
🇸🇮 Teutons · Slovenia
892
+16
🇦🇷 Magyars · Argentina
892
-16
qwer317
10:36 Feudal Age
9:16 Loom
11:12 Double-Bit Axe
11:48 Horse Collar
13:20 Wheelbarrow
23:17 Castle Age
21:51 Town Watch
21:54 Fishing Lines
22:37 Bloodlines
23:00 Scale Barding Armor
23:54 Forging
26:36 Hand Cart
26:49 Fletching
27:44 Bow Saw
31:41 Chain Barding Armor
32:11 Bodkin Arrow
35:29 Horse Collar
[La14]Uvita
5:43 Loom
10:27 Feudal Age
14:05 Scale Barding Armor
15:31 Double-Bit Axe
15:28 Horse Collar
19:57 Fletching
20:47 Padded Archer Armor
23:50 Castle Age
23:10 Gold Mining
23:31 Stone Mining
25:22 Wheelbarrow
25:16 Bodkin Arrow
27:01 Ballistics
28:18 Leather Archer Armor
30:00 Bloodlines
29:50 Husbandry
30:45 Town Watch
35:52 Gold Shaft Mining
Connection lost

Rejoining the realm…

Still unreachable

The connection could not be restored.

Session expired

The server has moved on; the page needs a fresh start.